[Event "Thursday Night Engine Tour 9 Rd Swiss 5m+1s Starts at 2200hrs ST"]
[Site "Infinity Chess"]
[Date "2018.4.12"]
[Round "5"]
[White "Time_bandit"]
[Black "Victorious"]
[Result "1/2-1/2"]
[ECO "C77"]
[WhiteElo "2566"]
[BlackElo "2592"]
[WhiteEngine "asmFishW_2018-02-02_popcnt"]
[BlackEngine "Cfish_x64_060418_LTO_popcnt"]
[EventType "Swiss"]
[WhiteTeam ""]
[BlackTeam ""]
[PlyCount "132"]
[TimeControl "300+1"]

1. e4 e5 2. Nf3 Nc6 3. Bb5 a6 4. Ba4 Nf6 5. O-O Be7 6. Re1 b5 7. Bb3 O-O 
8. c3 d5 9. exd5 Nxd5 10. Nxe5 Nxe5 11. Rxe5 c6 12. d4 Bd6 13. Re1 Qh4 
14. g3 Qh3 15. Be3 Bg4 16. Qd3 Rae8 17. Nd2 Re6 18. a4 Qh5 19. axb5 axb5 
20. Nf1 Bf5 21. Qd2 Bh3 22. Bd1 Qg6 23. Bf3 Qf5 24. Qd1 h5 25. Ra6 Bc7 
26. Be2 Qe4 27. Bf3 Qf5 28. Bh1 Rf6 29. Qe2 h4 30. Bd2 Re6 31. Be4 Bxf1 
32. Bxf5 Rxe2 33. Rd1 Rxd2 34. Rxd2 Bc4 35. Rxc6 Ra8 36. Bc2 h3 37. f3 Ra2 
38. b3 Bxb3 39. Bxb3 Rxd2 40. Bxd5 Rg2+ 41. Kf1 Ba5 42. Rc8+ Kh7 43. Bxf7 Rxh2 
44. Bg8+ Kh6 45. Be6 Rh1+ 46. Kf2 h2 47. Rh8+ Kg5 48. Kg2 Re1 49. Bd7 Re2+ 
50. Kh1 Bxc3 51. f4+ Kg6 52. Bxb5 Rd2 53. Rxh2 Rxd4 54. Rh4 Kf6 55. Kg2 g5 
56. Rh6+ Kg7 57. fxg5 Rg4 58. Be2 Rxg5 59. Rb6 Re5 60. Bd3 Re3 61. Bf5 Be1 
62. g4 Rg3+ 63. Kf1 Re3 64. g5 Kf8 65. g6 Rf3+ 66. Kxe1 Rxf5 1/2-1/2

[Event "Thursday Night Engine Tour 9 Rd Swiss 5m+1s Starts at 2200hrs ST"]
[Site "Infinity Chess"]
[Date "2018.4.12"]
[Round "5"]
[White "xeonrocks"]
[Black "MCDermont"]
[Result "1/2-1/2 "]
[ECO "C55"]
[WhiteElo "2606"]
[BlackElo "2591"]
[WhiteEngine "Stockfish_20180407_x64_bmi2_CTG"]
[BlackEngine "BrainFish 090218"]
[EventType "Swiss"]
[WhiteTeam ""]
[BlackTeam ""]
[PlyCount "146"]
[TimeControl "300+1"]

1. e4 e5 2. Nf3 Nc6 3. Bc4 Nf6 4. d3 Bc5 5. O-O d6 6. c3 O-O 7. Nbd2 a5 
8. Re1 Be6 9. Bb5 Ne7 10. d4 Ba7 11. Nf1 Ng6 12. Ng3 c6 13. Bf1 Bg4 14. Be3 Re8 
15. h3 Bxf3 16. Qxf3 d5 17. Bg5 exd4 18. Bxf6 Qxf6 19. Qxf6 gxf6 20. exd5 Rxe1 
21. Rxe1 cxd5 22. Nh5 f5 23. cxd4 Bxd4 24. Rd1 Bxb2 25. Rxd5 f4 26. Rf5 Rc8 
27. Nxf4 Nxf4 28. Rxf4 Rc2 29. g3 Kg7 30. a4 Ba3 31. Rg4+ Kf6 32. Bc4 Bd6 
33. Rd4 Ke7 34. Re4+ Kf6 35. Kf1 h6 36. Bd3 Rd2 37. Bc4 Kg7 38. Re2 Rd1+ 
39. Kg2 f5 40. Bb5 Kf6 41. h4 Bb4 42. f4 Rd2 43. Rxd2 Bxd2 44. Bc4 b6 
45. Bb5 Ke6 46. Be2 Ke7 47. Kf1 Kd6 48. Bd3 Ke6 49. Kg2 Bc3 50. Kf3 Kf6 
51. Be2 Kg6 52. Kg2 Kf6 53. Bc4 Bb4 54. Kf2 Bc5+ 55. Ke2 Bb4 56. Kf3 Bc3 
57. Bb3 Bb4 58. Bc4 h5 59. Bd3 Kg6 60. Kg2 Kf6 61. Bc2 Kg6 62. Kh3 Bd2 
63. Bd3 Bb4 64. Kg2 Bc3 65. Kf3 Bd4 66. Be2 Kf6 67. Bc4 Bc5 68. Ke2 Bd4 
69. Kf3 Bc5 70. Bf1 Bb4 71. Bb5 Ke7 72. Ba6 Kf6 73. Be2 Bd2 1/2-1/2

[Event "Thursday Night Engine Tour 9 Rd Swiss 5m+1s Starts at 2200hrs ST"]
[Site "Infinity Chess"]
[Date "2018.4.12"]
[Round "4"]
[White "RonWeasley"]
[Black "star99"]
[Result "1/2-1/2"]
[ECO "D12"]
[WhiteElo "2504"]
[BlackElo "2492"]
[WhiteEngine "BrainFish 090218_CTG"]
[BlackEngine "Cryptic Heroes 9.4B"]
[EventType "Swiss"]
[WhiteTeam ""]
[BlackTeam ""]
[PlyCount "84"]
[TimeControl "300+1"]

1. d4 d5 2. c4 c6 3. Nf3 Nf6 4. e3 Bf5 5. Nc3 e6 6. Nh4 Bg6 7. Nxg6 hxg6 
8. Qb3 Qb6 9. Bd2 Nbd7 10. h3 Be7 11. O-O-O Qxb3 12. axb3 O-O-O 13. Kc2 b6 
14. Ra1 a5 15. c5 Kb7 16. cxb6 Bb4 17. f3 Kxb6 18. Bd3 e5 19. Ne2 Rb8 
20. Bxb4 axb4 21. Ra6+ Kc7 22. Rha1 Rb7 23. dxe5 Nxe5 24. Nd4 Rb6 25. R6a5 Rhb8 
26. Bf1 Ned7 27. Rd1 Re8 28. Kd2 Kd6 29. Rc1 Nh5 30. Ra7 Ng3 31. Bd3 Ne5 
32. h4 Nxd3 33. Kxd3 c5 34. Ne2 Nf5 35. e4 Nxh4 36. Rxf7 Nxg2 37. Rxg7 dxe4+ 
38. fxe4 Rd8 39. Kc4 Ne3+ 40. Kd3 Ng2 41. Kc4 Ne3+ 42. Kd3 Ng2 1/2-1/2

[Event "Thursday Night Engine Tour 9 Rd Swiss 5m+1s Starts at 2200hrs ST"]
[Site "Infinity Chess"]
[Date "2018.4.12"]
[Round "4"]
[White "localhero"]
[Black "TasicV"]
[Result "1/2-1/2"]
[ECO "C65"]
[WhiteElo "2496"]
[BlackElo "2435"]
[WhiteEngine "asmFishW_2017-10-04_popcnt"]
[BlackEngine "stockfish_9_x64_popcnt_CTG"]
[EventType "Swiss"]
[WhiteTeam ""]
[BlackTeam ""]
[PlyCount "97"]
[TimeControl "300+1"]

1. e4 e5 2. Nf3 Nc6 3. Bb5 Nf6 4. O-O Nxe4 5. d4 Nd6 6. Bxc6 dxc6 7. dxe5 Nf5 
8. Qxd8+ Kxd8 9. Nc3 Bd7 10. Rd1 Kc8 11. Ng5 Be8 12. Rd3 b6 13. a4 c5 14. Nf3 c4 
15. Rd1 a5 16. Bf4 Bc5 17. Ne4 Bc6 18. Re1 Re8 19. Nxc5 bxc5 20. g4 Nd4 
21. Nxd4 cxd4 22. e6 fxe6 23. Be5 Rd8 24. Red1 Rd5 25. f4 g5 26. Rxd4 Rxd4 
27. Bxd4 gxf4 28. Bf6 Kb7 29. Re1 f3 30. Rxe6 Bxa4 31. Kf2 Bxc2 32. h4 a4 
33. Re3 Ra6 34. g5 Bd3 35. Kxf3 a3 36. bxa3 Rxa3 37. h5 c3 38. g6 c2 39. Bb2 Rb3 
40. Bc1 hxg6 41. hxg6 Rb1 42. Rxd3 Rxc1 43. Rb3+ Kc8 44. Rc3 Rf1+ 45. Kg2 c1=Q 
46. Rxc1 Rf6 47. g7 Rg6+ 48. Kf1 Rxg7 49. Ke2 1/2-1/2

[Event "Thursday Night Engine Tour 9 Rd Swiss 5m+1s Starts at 2200hrs ST"]
[Site "Infinity Chess"]
[Date "2018.4.12"]
[Round "4"]
[White "MGR"]
[Black "Deep_Impact"]
[Result "1/2-1/2"]
[ECO "B12"]
[WhiteElo "2500"]
[BlackElo "2510"]
[WhiteEngine "asmFishW_2018-04-08_bmi2"]
[BlackEngine "asmFishW_2018-04-07_bmi2"]
[EventType "Swiss"]
[WhiteTeam ""]
[BlackTeam ""]
[PlyCount "124"]
[TimeControl "300+1"]

1. e4 c6 2. d4 d5 3. e5 Bf5 4. Nf3 e6 5. Be2 c5 6. Be3 cxd4 7. Nxd4 Ne7 
8. c4 Nbc6 9. Qa4 a6 10. Na3 Rc8 11. Rd1 Qd7 12. cxd5 exd5 13. O-O Nxd4 
14. Qxd4 Be6 15. Bd3 Nc6 16. Qf4 Bxa3 17. bxa3 O-O 18. h3 Rfe8 19. Rfe1 Ne7 
20. Qf3 h6 21. Bb6 Ng6 22. Bd4 Qe7 23. Qe3 Qh4 24. Rd2 Rc7 25. Bc2 Ne7 
26. Bb2 Rc4 27. f3 Rec8 28. Bb3 R4c7 29. f4 h5 30. Bd4 Nf5 31. Qf2 Qe7 
32. Bb2 g6 33. Kh2 b5 34. Qf3 b4 35. axb4 Qxb4 36. Red1 Rc5 37. Rf2 Kg7 
38. Rdd2 h4 39. Bc2 Ng3 40. Bd3 Qa4 41. Rd1 Kg8 42. Re1 Qb4 43. Rd1 Qa4 
44. Re1 Qa5 45. Rd1 R5c6 46. Bb1 Rb8 47. Ba1 Qc7 48. Rb2 Rc8 49. Rbd2 Rc1 
50. Bb2 Rxd1 51. Rxd1 Qc4 52. f5 gxf5 53. Bd3 Qxa2 54. Bc1 Qa4 55. Bf4 Kh8 
56. Bxg3 hxg3+ 57. Kxg3 Rc3 58. Qh5+ Kg8 59. Qg5+ Kh7 60. Qh5+ Kg8 61. Qg5+ Kh7 
62. Qh5+ Kg8 1/2-1/2

[Event "Thursday Night Engine Tour 9 Rd Swiss 5m+1s Starts at 2200hrs ST"]
[Site "Infinity Chess"]
[Date "2018.4.12"]
[Round "4"]
[White "ocirema"]
[Black "BlitzMaster"]
[Result "1/2-1/2"]
[ECO "D12"]
[WhiteElo "2501"]
[BlackElo "2541"]
[WhiteEngine "asmFishW_2018-04-11_popcnt"]
[BlackEngine "asmFishW_2018-04-11_popcnt"]
[EventType "Swiss"]
[WhiteTeam ""]
[BlackTeam ""]
[PlyCount "93"]
[TimeControl "300+1"]

1. d4 d5 2. c4 c6 3. Nf3 Nf6 4. e3 Bf5 5. Nc3 e6 6. Nh4 Bg6 7. Bd2 Nbd7 
8. Nxg6 hxg6 9. c5 e5 10. b4 Be7 11. g3 exd4 12. exd4 Ne4 13. Nxe4 dxe4 
14. Be3 O-O 15. Bg2 Bg5 16. O-O Bxe3 17. fxe3 f5 18. a4 Nf6 19. b5 Kh8 
20. Re1 g5 21. Rb1 Qe8 22. Qe2 a5 23. Bf1 Qd7 24. Rb3 Rae8 25. Qf2 Qe6 
26. Rc3 Nd5 27. Bc4 Qd7 28. Qe2 g6 29. Bxd5 Qxd5 30. Qd2 Kg7 31. Rc2 f4 
32. Qxa5 fxe3 33. Rxe3 g4 34. bxc6 bxc6 35. Qd2 Rf3 36. Rb2 Ref8 37. Rxf3 gxf3 
38. Kf2 g5 39. Rb7+ Kg6 40. Re7 Rd8 41. Ke3 Qb3+ 42. Kxe4 f2 43. Qxf2 Qb1+ 
44. Ke3 Qb3+ 45. Ke4 Qb1+ 46. Ke3 Qb3+ 47. Ke4 1/2-1/2

[Event "Thursday Night Engine Tour 9 Rd Swiss 5m+1s Starts at 2200hrs ST"]
[Site "Infinity Chess"]
[Date "2018.4.12"]
[Round "4"]
[White "MCDermont"]
[Black "OlivierEvan"]
[Result "1-0 "]
[ECO "B28"]
[WhiteElo "2579"]
[BlackElo "2480"]
[WhiteEngine "BrainFish 090218"]
[BlackEngine "Houdini 6"]
[EventType "Swiss"]
[WhiteTeam ""]
[BlackTeam ""]
[PlyCount "157"]
[TimeControl "300+1"]

1. e4 c5 2. Nf3 a6 3. c3 e6 4. d4 d5 5. exd5 exd5 6. Bd3 c4 7. Bc2 Bd6 
8. O-O Ne7 9. Re1 O-O 10. Nh4 Ng6 11. Nf5 Bxf5 12. Bxf5 Qc7 13. g3 Nd7 
14. Be3 h6 15. Qf3 Nf6 16. Bc2 Rae8 17. Nd2 Qd8 18. h4 Re6 19. Bf5 Ree8 
20. Bc2 Re6 21. Bf5 Ree8 22. a4 Qc7 23. a5 Kh8 24. Bh3 Nh7 25. Bg2 Ne7 
26. b3 cxb3 27. Nxb3 Qxc3 28. Nc5 Bxc5 29. dxc5 Nf6 30. Rec1 Qd3 31. Rd1 Qc3 
32. Rdc1 Qd3 33. Bf1 Qg6 34. Rab1 Nf5 35. Rxb7 Nxe3 36. fxe3 Ng4 37. Rb6 Ne5 
38. Qf4 f6 39. c6 Nd3 40. Bxd3 Qxd3 41. Qd4 Qe2 42. Rb2 Qh5 43. c7 Rc8 
44. Qf4 Kh7 45. Rb6 Qe2 46. Rbc6 Rfe8 47. Qf5+ Kh8 48. R6c3 Qa2 49. Rc5 Qd2 
50. R1c2 Qxe3+ 51. Kg2 d4 52. Rd5 Qe1 53. Rxd4 Qb1 54. Rd7 Re2+ 55. Kf3 Ree8 
56. Kf2 Qh1 57. Qf3 Qh3 58. Rcd2 Kh7 59. Rd8 Re7 60. Qd3+ g6 61. Rxc8 Qxc8 
62. h5 Qxc7 63. Qxg6+ Kh8 64. Qxf6+ Kg8 65. Kg2 Qb7+ 66. Kh2 Qe4 67. Qxh6 Rd7 
68. Qg5+ Kh8 69. Rf2 Qe6 70. Qf6+ Qxf6 71. Rxf6 Rd5 72. Rxa6 Rxh5+ 73. Kg2 Kg7 
74. Ra7+ Kh6 75. a6 Rf5 76. g4 Rf4 77. Kg3 Rf6 78. Kh4 Rf1 79. g5+ 1-0

[Event "Thursday Night Engine Tour 9 Rd Swiss 5m+1s Starts at 2200hrs ST"]
[Site "Infinity Chess"]
[Date "2018.4.12"]
[Round "4"]
[White "Time_bandit"]
[Black "Vimtiroba"]
[Result "1/2-1/2"]
[ECO "C70"]
[WhiteElo "2568"]
[BlackElo "2526"]
[WhiteEngine "asmFishW_2018-02-02_popcnt"]
[BlackEngine "SF9 ''A5''_CTG"]
[EventType "Swiss"]
[WhiteTeam ""]
[BlackTeam ""]
[PlyCount "77"]
[TimeControl "300+1"]

1. e4 e5 2. Nf3 Nc6 3. Bb5 a6 4. Ba4 Be7 5. O-O Nf6 6. Re1 b5 7. Bb3 O-O 
8. c3 d5 9. exd5 Nxd5 10. Nxe5 Nxe5 11. Rxe5 c6 12. d4 Bd6 13. Re1 Qh4 
14. g3 Qh3 15. Be3 Bg4 16. Qd3 Rae8 17. Nd2 Re6 18. a4 Qh5 19. axb5 axb5 
20. Nf1 Bf5 21. Qd2 Bh3 22. Bd1 Qg6 23. Bf3 Qf5 24. Qd1 h5 25. Ra6 Bc7 
26. Bh1 Rf6 27. Qe2 h4 28. Bd2 Re6 29. Qf3 Rxe1 30. Bxe1 Bf4 31. Bg2 Bg4 
32. Qe4 Qc8 33. Ra1 Re8 34. Qc2 Bf5 35. Qd1 Bg4 36. Qc2 Bf5 37. Qd1 Bg4 
38. Qb1 Bf5 39. Qd1 1/2-1/2

[Event "Thursday Night Engine Tour 9 Rd Swiss 5m+1s Starts at 2200hrs ST"]
[Site "Infinity Chess"]
[Date "2018.4.12"]
[Round "4"]
[White "Victorious"]
[Black "xeonrocks"]
[Result "1/2-1/2 "]
[ECO "C50"]
[WhiteElo "2591"]
[BlackElo "2607"]
[WhiteEngine "Cfish_x64_060418_LTO_popcnt"]
[BlackEngine "Stockfish_20180407_x64_bmi2_CTG"]
[EventType "Swiss"]
[WhiteTeam ""]
[BlackTeam ""]
[PlyCount "180"]
[TimeControl "300+1"]

1. e4 e5 2. Nf3 Nc6 3. Bc4 Bc5 4. O-O Nf6 5. d3 d6 6. c3 a5 7. Re1 Ba7 
8. Nbd2 O-O 9. Nf1 Be6 10. Bb5 Ne7 11. d4 exd4 12. Nxd4 Ng6 13. Ba4 h6 
14. Be3 Bc8 15. Bc2 Re8 16. Ng3 d5 17. f3 Bd7 18. Bf2 dxe4 19. Nxe4 Nxe4 
20. Bxe4 Qg5 21. Qc1 Nf4 22. Bg3 Ne6 23. Qxg5 hxg5 24. Bf2 Rad8 25. Red1 Nxd4 
26. cxd4 c6 27. d5 Bxf2+ 28. Kxf2 c5 29. d6 b6 30. Bd5 Kf8 31. Rd2 Re5 
32. b3 Rf5 33. Be4 Rf6 34. h3 Re8 35. Bb7 Re5 36. Rad1 Ke8 37. g4 Kd8 
38. Kg3 Re8 39. Bd5 Re3 40. Bb7 Rfe6 41. Rh1 Re1 42. Rhh2 Rh6 43. Be4 Be6 
44. Bc6 Rg1+ 45. Kf2 Rc1 46. Kg3 Rg1+ 47. Kf2 Rc1 48. Kg3 Re1 49. Kf2 Re5 
50. Kg3 Re1 51. Kf2 Re5 52. Kg3 Bd7 53. Be4 a4 54. Rh1 a3 55. Rb1 Ree6 
56. Rc2 Rxd6 57. b4 cxb4 58. Rxb4 Rd1 59. Rc3 Rh1 60. Kg2 R1xh3 61. Rd4 Rh2+ 
62. Kg1 Rh1+ 63. Kg2 R1h2+ 64. Kg1 Rh1+ 65. Kg2 Ke8 66. Bc6 R1h2+ 67. Kg1 Rxc6 
68. Rxc6 Rxa2 69. Rc7 Ra1+ 70. Kg2 Be6 71. Ra4 Kd8 72. Rb7 Kc8 73. Re7 Kd8 
74. Rb7 Kc8 75. Re7 Kb8 76. Ra6 a2 77. Rxb6+ Kc8 78. Ra6 Kb8 79. Rb6+ Kc8 
80. Ra6 Bd5 81. Re5 Bxf3+ 82. Kxf3 Rf1+ 83. Kg3 a1=Q 84. Rxa1 Rxa1 85. Rxg5 g6 
86. Rd5 Kc7 87. g5 Rg1+ 88. Kf2 Kc6 89. Ra5 Rd1 90. Ra6+ Kd7 1/2-1/2

[Event "Thursday Night Engine Tour 9 Rd Swiss 5m+1s Starts at 2200hrs ST"]
[Site "Infinity Chess"]
[Date "2018.4.12"]
[Round "3"]
[White "star99"]
[Black "MGR"]
[Result "1/2-1/2"]
[ECO "A46"]
[WhiteElo "2492"]
[BlackElo "2500"]
[WhiteEngine "Cryptic Heroes 9.4B"]
[BlackEngine "asmFishW_2018-04-08_bmi2_CTG"]
[EventType "Swiss"]
[WhiteTeam ""]
[BlackTeam ""]
[PlyCount "122"]
[TimeControl "300+1"]

1. d4 Nf6 2. Nf3 d5 3. c4 c6 4. Nc3 e6 5. Bg5 h6 6. Bxf6 Qxf6 7. e3 Nd7 
8. Bd3 dxc4 9. Bxc4 g6 10. Qc2 Bg7 11. Rd1 b6 12. e4 O-O 13. e5 Qe7 14. O-O Bb7 
15. Rfe1 Rab8 16. a4 a6 17. Bf1 Rfd8 18. h3 b5 19. axb5 cxb5 20. Ne4 a5 
21. Nfd2 Nf8 22. Nd6 Rxd6 23. exd6 Qxd6 24. Ne4 Qd8 25. Qd3 Nh7 26. Nc5 Bd5 
27. b3 Qd6 28. Ra1 Qd8 29. Qd2 b4 30. Bc4 Nf6 31. Rac1 Ra8 32. Qf4 Ra7 
33. Nd3 Ba8 34. Ne5 Nd5 35. Bxd5 Bxd5 36. Rc5 Kh7 37. Rec1 Qb8 38. h4 a4 
39. bxa4 b3 40. Rb5 Qe8 41. Rb4 Qe7 42. Nd3 h5 43. Rb8 Qa3 44. Ne5 Qd6 
45. Rcc8 Rb7 46. Rxb7 Bxb7 47. Qxf7 Bxc8 48. Qxg6+ Kg8 49. Qf7+ Kh7 
50. Qxh5+ Kg8 51. Qf7+ Kh7 52. h5 Qxd4 53. Qg6+ Kh8 54. Qe8+ Kh7 55. Qg6+ Kh8 
56. Nf7+ Kg8 57. Nh6+ Kh8 58. Nf7+ Kg8 59. Nh6+ Kh8 60. Qe8+ Kh7 61. Qg6+ Kh8 
1/2-1/2

[Event "Thursday Night Engine Tour 9 Rd Swiss 5m+1s Starts at 2200hrs ST"]
[Site "Infinity Chess"]
[Date "2018.4.12"]
[Round "3"]
[White "ocirema"]
[Black "localhero"]
[Result "1/2-1/2"]
[ECO "C55"]
[WhiteElo "2501"]
[BlackElo "2496"]
[WhiteEngine "asmFishW_2018-04-11_popcnt"]
[BlackEngine "asmFishW_2017-10-04_popcnt"]
[EventType "Swiss"]
[WhiteTeam ""]
[BlackTeam ""]
[PlyCount "105"]
[TimeControl "300+1"]

1. e4 e5 2. Nf3 Nc6 3. Bc4 Nf6 4. d3 Bc5 5. c3 d6 6. O-O a5 7. h3 O-O 8. Re1 h6 
9. Nbd2 Be6 10. a4 Bb6 11. Bxe6 fxe6 12. Nc4 Bc5 13. Be3 Bxe3 14. Rxe3 Qd7 
15. d4 exd4 16. cxd4 Nb4 17. b3 Nh5 18. Kh2 Qf7 19. Rc1 Na2 20. Ra1 Nb4 
21. Rc1 Na2 22. Rc2 Nb4 23. Rd2 Nf6 24. Kg1 Qh5 25. Na3 Ra6 26. Nb5 Rc6 
27. Rde2 Qg6 28. Nc3 Nh5 29. Rd2 Nf4 30. Ne1 d5 31. e5 Rf7 32. Kh2 Qf5 
33. Rf3 g5 34. Ne2 Qg6 35. Ng1 Qh7 36. g3 Ng6 37. Ng2 Rxf3 38. Qxf3 Qf7 
39. Qd1 Kg7 40. Ne2 Qf3 41. Qf1 Ne7 42. Ne1 Qxb3 43. f4 g4 44. hxg4 Qb1 
45. f5 exf5 46. gxf5 Nxf5 47. Rd3 Nxd3 48. Qxf5 Qxe1 49. Qd7+ Kh8 50. Qd8+ Kg7 
51. Qd7+ Kh8 52. Qd8+ Kg7 53. Qd7+ 1/2-1/2

[Event "Thursday Night Engine Tour 9 Rd Swiss 5m+1s Starts at 2200hrs ST"]
[Site "Infinity Chess"]
[Date "2018.4.12"]
[Round "3"]
[White "Victorious"]
[Black "RonWeasley"]
[Result "1-0"]
[ECO "C12"]
[WhiteElo "2577"]
[BlackElo "2518"]
[WhiteEngine "Cfish_x64_060418_LTO_popcnt"]
[BlackEngine "BrainFish 090218_CTG"]
[EventType "Swiss"]
[WhiteTeam ""]
[BlackTeam ""]
[PlyCount "137"]
[TimeControl "300+1"]

1. e4 e6 2. d4 d5 3. Nc3 Nf6 4. Bg5 Bb4 5. e5 h6 6. Be3 Ne4 7. Qg4 Kf8 
8. a3 Bxc3+ 9. bxc3 Nxc3 10. Bd3 b6 11. Ne2 h5 12. Qf3 Nxe2 13. Qxe2 Nc6 
14. O-O Kg8 15. c3 Na5 16. a4 Bd7 17. Rfb1 Rc8 18. h3 Nc6 19. Qd2 Na5 
20. Bg5 Qf8 21. Qf4 c5 22. Qg3 Nc4 23. Ra2 Na5 24. Be3 c4 25. Bc2 Re8 
26. Re1 Nc6 27. Bg5 Ne7 28. Raa1 Rc8 29. Qf3 Nc6 30. Reb1 Rb8 31. Qg3 Ne7 
32. Qe3 Nc6 33. Qg3 Ne7 34. Qf4 Re8 35. Qf3 Nc6 36. Kh2 Ne7 37. Rg1 g6 
38. g4 hxg4 39. Rxg4 Nf5 40. Rf4 Rc8 41. Rg1 Qe8 42. Bf6 Rh6 43. Bxf5 exf5 
44. Qxd5 Bc6 45. Qxc4 Bb7 46. Qd3 Bd5 47. Qg3 Rh7 48. Rh4 Qf8 49. Qf4 Be6 
50. Qg5 Rxc3 51. d5 Bxd5 52. Rd1 Qc5 53. Qf4 Rf3 54. Qxf3 Bxf3 55. Rd8+ Qf8 
56. Rxh7 Kxh7 57. Rxf8 g5 58. Kg3 Bd1 59. f4 gxf4+ 60. Kxf4 Kh6 61. Rd8 Bh5 
62. Rh8+ Kg6 63. Be7 Kg7 64. Rxh5 f6 65. Kxf5 fxe5 66. Bf6+ Kf7 67. Rh7+ Kg8 
68. Kg6 e4 69. Rh8# 1-0

[Event "Thursday Night Engine Tour 9 Rd Swiss 5m+1s Starts at 2200hrs ST"]
[Site "Infinity Chess"]
[Date "2018.4.12"]
[Round "3"]
[White "BlitzMaster"]
[Black "MCDermont"]
[Result "1/2-1/2"]
[ECO "C55"]
[WhiteElo "2539"]
[BlackElo "2581"]
[WhiteEngine "asmFishW_2018-04-11_popcnt"]
[BlackEngine "BrainFish 090218"]
[EventType "Swiss"]
[WhiteTeam ""]
[BlackTeam ""]
[PlyCount "144"]
[TimeControl "300+1"]

1. e4 e5 2. Nf3 Nc6 3. Bc4 Nf6 4. d3 Bc5 5. c3 d6 6. O-O O-O 7. h3 a5 8. Re1 h6 
9. a4 Be6 10. Nbd2 Bxc4 11. Nxc4 Re8 12. Be3 Bxe3 13. Nxe3 b6 14. Qb3 Ne7 
15. g3 Qc8 16. Kg2 Qb7 17. Qa2 Nd7 18. b4 axb4 19. cxb4 b5 20. Qc2 bxa4 
21. Rxa4 Reb8 22. Rxa8 Rxa8 23. Rb1 Ra7 24. b5 Ra8 25. Qc4 Ra3 26. Rd1 Ra7 
27. Rb1 Qb6 28. Qc2 Qc5 29. Qd2 Qb6 30. Rb2 Ra1 31. Qc2 Qb8 32. Qc4 Ra7 
33. d4 exd4 34. Nxd4 Ne5 35. Qc2 Qb6 36. Nf3 Nd7 37. Ng1 Ra1 38. Ne2 Qa5 
39. Nc3 Ne5 40. Rb3 Qa7 41. Qe2 Qc5 42. h4 Kh7 43. Qb2 Qa7 44. Nc2 Ra5 
45. Qc1 Qa8 46. Ne3 Ra1 47. Qc2 Qa7 48. Rb1 Rxb1 49. Qxb1 Qd4 50. Ne2 Qa4 
51. h5 Kg8 52. Nf4 Qd4 53. Qc2 Qb4 54. Ned5 Nxd5 55. Nxd5 Qa3 56. Nxc7 Qf3+ 
57. Kg1 Qxh5 58. Kg2 Qf3+ 59. Kg1 Qh5 60. Kg2 Qf3+ 61. Kg1 Qg4 62. Kg2 Kh7 
63. b6 Qf3+ 64. Kf1 Qh1+ 65. Ke2 Qf3+ 66. Ke1 Qg2 67. Ke2 Qf3+ 68. Ke1 Nd3+ 
69. Kf1 Nc1 70. Ke1 Nd3+ 71. Kf1 Nc1 72. Ke1 Nd3+ 1/2-1/2

[Event "Thursday Night Engine Tour 9 Rd Swiss 5m+1s Starts at 2200hrs ST"]
[Site "Infinity Chess"]
[Date "2018.4.12"]
[Round "3"]
[White "OlivierEvan"]
[Black "Vimtiroba"]
[Result "1/2-1/2"]
[ECO "D30"]
[WhiteElo "2478"]
[BlackElo "2528"]
[WhiteEngine "Houdini 6"]
[BlackEngine "SF9 ''A5''_CTG"]
[EventType "Swiss"]
[WhiteTeam ""]
[BlackTeam ""]
[PlyCount "160"]
[TimeControl "300+1"]

1. d4 d5 2. c4 e6 3. Nf3 Nf6 4. Nc3 c6 5. Bg5 h6 6. Bxf6 Qxf6 7. e3 Nd7 
8. Bd3 dxc4 9. Bxc4 g6 10. O-O Bg7 11. Re1 O-O 12. e4 Qe7 13. e5 b5 14. Bd3 Bb7 
15. Be4 Rfd8 16. Qe2 Nb6 17. a3 a6 18. h4 Rac8 19. Red1 a5 20. Rac1 b4 
21. Nb1 bxa3 22. Nxa3 Bf8 23. h5 gxh5 24. Nh2 Nd5 25. Qxh5 Qg5 26. Qxg5+ hxg5 
27. Nc4 a4 28. Bxd5 cxd5 29. Nb6 Rb8 30. Nxa4 Ba6 31. Rd2 Rb4 32. Nc5 Bb5 
33. f3 Rc8 34. Rc3 Bxc5 35. dxc5 Bc4 36. Rd4 Rxb2 37. Rg4 Kf8 38. Rxg5 Ke7 
39. Ng4 Kd7 40. Rg7 Rf8 41. Nf6+ Kc6 42. Rc1 Bd3 43. Ra1 Rb7 44. Rg4 Kxc5 
45. Kf2 Rd8 46. Kg3 Rc8 47. Ra5+ Bb5 48. Rh4 Rbc7 49. Ra1 Rb7 50. Ra5 Re7 
51. Rh1 Kb4 52. Raa1 Ba4 53. Rhb1+ Bb3 54. Kf4 Kc3 55. Rf1 Bc2 56. Rf2 Rb7 
57. g4 Rcb8 58. Kg3 Bd3 59. f4 Kd4 60. Ra4+ Rb4 61. Ra7 R8b7 62. Raa2 Rb1 
63. Rf3 Bc4 64. Rd2+ Kc5 65. f5 Re1 66. Kf4 Rb4 67. Rc3 Kb6 68. Kg5 Kc6 
69. Kf4 Kb7 70. Kg5 Rxe5 71. Nd7 Re1 72. Kf6 exf5 73. gxf5 Rf1 74. Ne5 Rb6+ 
75. Kg7 Rxf5 76. Nxc4 dxc4 77. Rxc4 Rg5+ 78. Kxf7 Rc6 79. Rb4+ Kc7 80. Re4 Rgg6 
1/2-1/2

[Event "Thursday Night Engine Tour 9 Rd Swiss 5m+1s Starts at 2200hrs ST"]
[Site "Infinity Chess"]
[Date "2018.4.12"]
[Round "3"]
[White "xeonrocks"]
[Black "Time_bandit"]
[Result "1/2-1/2"]
[ECO "C55"]
[WhiteElo "2609"]
[BlackElo "2566"]
[WhiteEngine "Stockfish_20180407_x64_bmi2_CTG"]
[BlackEngine "asmFishW_2018-02-02_popcnt"]
[EventType "Swiss"]
[WhiteTeam ""]
[BlackTeam ""]
[PlyCount "113"]
[TimeControl "300+1"]

1. e4 e5 2. Nf3 Nc6 3. Bc4 Nf6 4. d3 Bc5 5. O-O d6 6. c3 a5 7. Nbd2 O-O 
8. Re1 h6 9. h3 Be6 10. Bb5 Qb8 11. Re2 Qa7 12. Nf1 a4 13. Ng3 Qa5 14. Bxc6 bxc6 
15. Nh4 Rfe8 16. Re1 d5 17. exd5 cxd5 18. Rxe5 Bf8 19. Qc2 c5 20. Bd2 Qc7 
21. Re2 c4 22. a3 cxd3 23. Qxd3 Reb8 24. Be3 d4 25. cxd4 Rb3 26. Qd2 Qb7 
27. Rc1 Re8 28. Rc3 Rb5 29. Nf3 Bxh3 30. gxh3 Qxf3 31. Qc2 Qa8 32. Bc1 Reb8 
33. Rc4 Rb3 34. Ne4 Nxe4 35. Qxe4 Qa6 36. Rc6 Qb5 37. Kg2 Rb7 38. Rc8 Qd7 
39. Rc3 Rxc3 40. bxc3 Rb6 41. d5 Rg6+ 42. Kh2 Qc7+ 43. Bf4 Qxc3 44. Re3 Qf6 
45. Rg3 Bc5 46. Rf3 Bd6 47. Bg3 Bxg3+ 48. fxg3 Qb2+ 49. Kg1 Qb5 50. Re3 Qb2 
51. Qe8+ Kh7 52. Qe4 Qc1+ 53. Kf2 Qb2+ 54. Ke1 Qc1+ 55. Kf2 Qb2+ 56. Ke1 Qc1+ 
57. Kf2 1/2-1/2

[Event "Thursday Night Engine Tour 9 Rd Swiss 5m+1s Starts at 2200hrs ST"]
[Site "Infinity Chess"]
[Date "2018.4.12"]
[Round "2"]
[White "Deep_Impact"]
[Black "TasicV"]
[Result "1/2-1/2"]
[ECO "D17"]
[WhiteElo "2495"]
[BlackElo "2432"]
[WhiteEngine "asmFishW_2018-04-07_bmi2"]
[BlackEngine "stockfish_9_x64"]
[EventType "Swiss"]
[WhiteTeam ""]
[BlackTeam ""]
[PlyCount "114"]
[TimeControl "300+1"]

1. d4 d5 2. c4 c6 3. Nf3 Nf6 4. Nc3 dxc4 5. a4 Bf5 6. Ne5 e6 7. f3 Bb4 
8. Nxc4 O-O 9. Kf2 Bg6 10. e4 Nbd7 11. Be2 Nb6 12. Ne5 Bxc3 13. bxc3 Bxe4 
14. a5 Nbd5 15. Qd2 Re8 16. g4 Bg6 17. c4 Ne7 18. Ba3 Nd7 19. Rad1 f5 
20. h4 fxg4 21. fxg4 c5 22. Nxd7 Qxd7 23. h5 Be4 24. Rh3 Nc6 25. Bxc5 b6 
26. axb6 axb6 27. Bxb6 Qb7 28. Bc5 e5 29. d5 Nd4 30. Kg1 Qc7 31. Bxd4 exd4 
32. Qxd4 Ra2 33. Re1 Qa5 34. Qc3 Qc5+ 35. Qe3 Qc8 36. h6 gxh6 37. Qf2 Rf8 
38. Qg3 Bg6 39. Bf1 Rc2 40. g5 h5 41. Rh4 Qc5+ 42. Kh1 Qb4 43. Bh3 Rxc4 
44. Rxc4 Qxc4 45. Be6+ Bf7 46. Bxf7+ Kxf7 47. Qe5 Qh4+ 48. Kg1 Qg4+ 49. Kh1 Kg6 
50. Qd6+ Kg7 51. Re7+ Kg8 52. Qe6+ Qxe6 53. dxe6 Rf2 54. Rb7 Re2 55. e7 Kf7 
56. e8=Q+ Kxe8 57. Rxh7 Kf8 1/2-1/2

[Event "Thursday Night Engine Tour 9 Rd Swiss 5m+1s Starts at 2200hrs ST"]
[Site "Infinity Chess"]
[Date "2018.4.12"]
[Round "2"]
[White "klasman"]
[Black "OlivierEvan"]
[Result "0-1 "]
[ECO "B28"]
[WhiteElo "2449"]
[BlackElo "2463"]
[WhiteEngine "Raubfisch ME262_GTZ16f_CTG"]
[BlackEngine "Houdini 6"]
[EventType "Swiss"]
[WhiteTeam ""]
[BlackTeam ""]
[PlyCount "80"]
[TimeControl "300+1"]

1. e4 c5 2. Nf3 a6 3. Nc3 e6 4. d4 cxd4 5. Nxd4 Qc7 6. Bd3 Nf6 7. O-O d6 
8. a4 Be7 9. Re1 O-O 10. a5 Nc6 11. Nxc6 bxc6 12. Bf4 Nd7 13. Qd2 c5 14. Bf1 Rd8 
15. Rad1 Nb8 16. Na4 Nc6 17. Nb6 Rb8 18. Ra1 Bf6 19. Red1 Be5 20. Bxe5 Nxe5 
21. c3 Bb7 22. Qf4 h6 23. b4 Re8 24. Ra2 Rbd8 25. Rad2 cxb4 26. cxb4 Rf8 
27. Qg3 f5 28. Qb3 Qe7 29. f4 Nc6 30. Bc4 fxe4 31. Bxe6+ Kh8 32. Bc4 e3 
33. Re2 Qf6 34. Nd5 Nd4 35. Nxf6 Nxb3 36. Ng4 Nd2 37. Bd3 Ne4 38. Rc1 Rxf4 
39. Nxe3 Ng5 40. Rc4 Ne6 0-1